 Dungeon Crawl Stone Soup version 0.21-a0-207-g4a9efaf (webtiles) character file.

3719 pickandmix the Conjurer (level 10, -9/66 HPs)
             Began as an Octopode Venom Mage on Aug 20, 2017.
             Was a Follower of Sif Muna.
             Mangled by a two-headed ogre
             ... wielding a +0 giant club
              (25 damage)
             ... on level 9 of the Dungeon.
             The game lasted 00:22:03 (11132 turns).

pickandmix the Conjurer (Octopode Venom Mage)      Turns: 11132, Time: 00:22:05

Health: -9/66      AC:  7    Str:  7    XL:     10   Next: 14%
Magic:  5/20       EV: 13    Int: 22    God:    Sif Muna [*.....]
Gold:   388        SH:  0    Dex: 12    Spells: 11/22 levels left

rFire    . . .     SeeInvis .   i - +3 dagger (venom)
rCold    . . .     Gourm    .   (no shield)
rNeg     . . .     Faith    .   (helmet restricted)
rPois    .         Spirit   .   (no amulet)
rElec    .         Reflect  .   k - +6 ring of protection
rCorr    .         Harm     .   (no ring)
MR       .....                  (no ring)
Stlth    +++.......             (no ring)
HPRegen  0.21/turn              (no ring)
MPRegen  0.17/turn              (no ring)
                                (no ring)
                                (no ring)

@: very slightly contaminated
A: almost no armour, stealthy swim, amphibious, 8 rings, constrict 8, camouflage
1, gelatinous body 1
a: Divine Energy, Renounce Religion


You were on level 9 of the Dungeon.
You worshipped Sif Muna.
Sif Muna was aware of your devotion.
You were not hungry.

You visited 2 branches of the dungeon, and saw 10 of its levels.

You collected 388 gold pieces.

Inventory:

Hand Weapons
 i - a +3 dagger of venom (weapon)
 A - a +1 dagger of protection
Missiles
 e - 258 stones (quivered)
Armour
 j - a cursed +1 shield
Jewellery
 g - an uncursed ring of positive energy
 k - a +6 ring of protection (left tentacle)
 E - a cursed amulet of inaccuracy
Wands
 v - a wand of polymorph (24/24)
Scrolls
 d - 2 scrolls of fog
 h - 5 scrolls of remove curse
 m - 2 scrolls of enchant armour
 o - 4 scrolls of recharging
 q - 6 scrolls of teleportation
 t - 2 scrolls of magic mapping
Potions
 f - 2 potions of curing
 l - a potion of agility
 n - 2 potions of lignification
 p - a potion of berserk rage
 r - a potion of flight
 s - a potion of ambrosia
 u - 2 potions of mutation {unknown}
 w - 4 potions of degeneration {unknown}
 x - a potion of resistance {unknown}
 B - a potion of might {unknown}
 C - 3 potions of brilliance
 D - 2 potions of heal wounds
 F - a potion of invisibility {unknown}
Books
 a - a Young Poisoner's Handbook

   Spells                             Type                      Level
   a - Sting                          Conjuration/Poison           1
   b - Poisonous Vapours              Poison/Air                   2
   c - Mephitic Cloud                 Conjuration/Poison/Air       3
   d - Olgreb's Toxic Radiance        Poison                       4
   e - Venom Bolt                     Conjuration/Poison           5
Comestibles
 b - a bread ration
 c - 6 fruits
 z - 2 royal jellies


   Skills:
 - Level 5.3 Fighting
 - Level 5.6 Short Blades
 - Level 2.0 Dodging
 - Level 2.8 Stealth
 * Level 6.7 Spellcasting
 * Level 7.0 Conjurations
 - Level 6.0 Poison Magic
 - Level 5.0 Evocations


You had 11 spell levels left.
You knew the following spells:

 Your Spells              Type           Power        Failure   Level  Hunger
a - Sting                 Conj/Pois      ####         1%          1    None
b - Poisonous Vapours     Pois/Air       ###...       3%          2    None
c - Mephitic Cloud        Conj/Pois/Air  ####....     4%          3    #......
d - Venom Bolt            Conj/Pois      #####.....   16%         5    #####..


Dungeon Overview and Level Annotations

Branches:
Dungeon (9/15)             Temple (1/1) D:5
   Lair: D:8-11         Orc: D:9-12

Altars:
Ashenzari
Cheibriados
Dithmenos
Elyvilon
Fedhas
Gozag
Hepliaklqana
Kikubaaqudgha
Makhleb
Okawaru
Qazlal
Ru
Sif Muna
Trog
Uskayaw
Vehumet
Wu Jian
Xom
Yredelemnul
Zin
The Shining One
Lugonu

Annotations:
D:7 p0werm0de's ghost, novice DsAE


Innate Abilities, Weirdness & Mutations

You cannot wear most types of armour.
You are very stealthy in the water. (Stealth+)
You are amphibious.
You can wear up to eight rings at the same time.
You can use your tentacles to constrict eight enemies at once.
Your skin changes colour to match your surroundings (Stealth+).
Your rubbery body absorbs attacks. (AC +1, EV +1)


Message History

Poisonous vapours surround the two-headed ogre!
The two-headed ogre is engulfed in poison gas.
The two-headed ogre looks even sicker.
The two-headed ogre hits you with a giant club!!
The two-headed ogre hits you but does no damage.
The crimson imp throws a stone.
The stone closely misses you.
The crimson imp blinks!
An eye of draining comes into view.
Casting: Poisonous Vapours
Confirm with . or Enter, or press ? or * to list all spells.
Aiming: Sting
Press: ? - help, Shift-Dir - straight line, f/p - two-headed ogre
Aim: a two-headed ogre, wielding two giant clubs (severely wounded, poisoned)
The sting hits the two-headed ogre.
The two-headed ogre appears unharmed.
The two-headed ogre is severely wounded.
The eye of draining turns its gaze towards you.
The two-headed ogre hits you with a giant club.
* * * LOW HITPOINT WARNING * * *
The two-headed ogre hits you with a giant club!!
You die...

#...#.......'........###'######..
#...#.......#....................
#...#'#######...########.........
................# .....#.........
................# ....#.#'###...
...........G....# ...#.#...#...
................# ..#.+...#...
................######'#.#...#.##
...............>@O....(..#####.#.
...............................#.
...........##########..........#.
#..........#. ###.....(..'.
#........## ###5...≈... #........
#.(######


You could see a two-headed ogre and an eye of draining.

Vanquished Creatures
  A troll (D:9)
  2 hornets
  An orc warrior (D:8)
  2 sky beasts
  4 ice beasts
  A black bear (D:6)
  A phantom (D:6)
  2 necrophages
  4 ogres
  3 centaurs
  5 bullfrogs
  A scorpion (D:7)
  8 killer bees
  3 crimson imps
  6 hounds
  A jelly (D:8)
  A bullfrog skeleton (D:4)
  2 iguanas
  Natasha (thrice) (D:3 D:5)
  5 worker ants
  A hound skeleton (D:7)
  9 adders
  2 howler monkey skeletons
  A worm (D:5)
  4 adder skeletons
  2 dart slugs
  3 leopard geckos
  8 orcs
  2 ball pythons
  5 bats
  10 giant cockroaches
  4 hobgoblins (D:1)
  9 jackals
  7 quokkas
  6 frilled lizards
  10 goblins
  7 kobolds
  A leopard gecko zombie (D:4)
  14 rats
161 creatures vanquished.

Vanquished Creatures (others)
  A crimson imp (D:6)
1 creature vanquished.

Grand Total: 162 creatures vanquished

Notes
Turn   | Place    | Note
-------+----------+-------------------------------------------
     0 | D:1      | pickandmix the Octopode Venom Mage began the quest for the Orb.
     0 | D:1      | Reached XP level 1. HP: 11/11 MP: 3/3
   864 | D:1      | Reached XP level 2. HP: 17/17 MP: 0/5
   936 | D:1      | Learned a level 2 spell: Poisonous Vapours
  1561 | D:1      | Reached XP level 3. HP: 16/21 MP: 1/6
  1916 | D:1      | Learned a level 3 spell: Mephitic Cloud
  2389 | D:2      | Reached skill level 2 in Conjurations
  2415 | D:2      | Found a basalt altar of Yredelemnul.
  2774 | D:3      | Reached XP level 4. HP: 27/27 MP: 3/8
  3315 | D:3      | Noticed Natasha
  3319 | D:3      | Killed Natasha
  3489 | D:3      | Noticed Natasha
  3492 | D:3      | Killed Natasha
  3492 | D:3      | Reached XP level 5. HP: 31/31 MP: 2/10
  3902 | D:4      | Reached skill level 3 in Conjurations
  3902 | D:4      | Reached skill level 5 in Poison Magic
  4027 | D:4      | Found a hide-covered altar of Uskayaw.
  4057 | D:4      | Learned a level 5 spell: Venom Bolt
  4293 | D:4      | Noticed an ogre
  4304 | D:4      | Killed an ogre
  4304 | D:4      | Reached XP level 6. HP: 6/36 MP: 5/12
  4868 | D:4      | Reached XP level 7. HP: 41/41 MP: 9/13
  4880 | D:4      | Reached skill level 4 in Conjurations
  5173 | D:5      | Entered Level 5 of the Dungeon
  5203 | D:5      | Noticed Natasha
  5215 | D:5      | Killed Natasha
  5277 | D:5      | Reached skill level 1 in Fighting
  5277 | D:5      | Reached skill level 1 in Short Blades
  5422 | D:5      | Found a staircase to the Ecumenical Temple.
  5675 | Temple   | Entered the Ecumenical Temple
  5756 | Temple   | Became a worshipper of Sif Muna the Loreminder
  5859 | D:5      | Found a burning altar of Makhleb.
  5863 | D:5      | Found a sacrificial altar of Ru.
  5866 | D:5      | Found a stormy altar of Qazlal.
  5866 | D:5      | Found a bloodstained altar of Trog.
  5868 | D:5      | Found a glowing golden altar of the Shining One.
  5869 | D:5      | Found a hazy altar of Hepliaklqana.
  5871 | D:5      | Found a blossoming altar of Fedhas.
  5988 | D:5      | Found a shimmering altar of Xom.
  5988 | D:5      | Found an ornate altar of the Wu Jian Council.
  5993 | D:5      | Found a shadowy altar of Dithmenos.
  5993 | D:5      | Found a radiant altar of Vehumet.
  6091 | D:5      | Reached skill level 1 in Evocations
  6091 | D:5      | Reached XP level 8. HP: 36/50 MP: 7/15
  6117 | D:5      | Reached skill level 5 in Spellcasting
  6515 | D:6      | Reached skill level 5 in Conjurations
  8317 | D:7      | Reached XP level 9. HP: 54/57 MP: 10/17
  9088 | D:7      | Noticed p0werm0de's ghost (novice DsAE)
  9130 | D:6      | Reached skill level 6 in Conjurations
  9490 | D:8      | Reached * piety under Sif Muna
 10091 | D:8      | Noticed a hornet
 10266 | D:8      | Found an opulent altar of Gozag.
 10281 | D:8      | Killed a hornet
 10281 | D:8      | Reached skill level 5 in Evocations
 10303 | D:8      | Reached skill level 5 in Fighting
 10600 | D:8      | Noticed a two-headed ogre
 10781 | D:9      | Noticed a troll
 10796 | D:9      | Killed a troll
 10796 | D:9      | Reached skill level 5 in Short Blades
 10796 | D:9      | Reached XP level 10. HP: 55/66 MP: 2/19
 10940 | D:9      | Found a white marble altar of Elyvilon.
 11037 | D:9      | Reached skill level 7 in Conjurations
 11099 | D:9      | Noticed a two-headed ogre
 11132 | D:9      | Mangled by a two-headed ogre

Vault maps used:
D:1:      dpeg_arrival_rhombi
D:2:      old_standard_altar
D:3:      uniq_natasha
D:4:      lemuel_round_altar, first_bread
D:5:      minitemple, grunt_temple_overflow_open,
          minmay_temple_entry_statues_fountains
D:6:      cheibrodos_iron_armory
D:7:      kennysheep_mini
D:8:      kennysheep_little_box
D:9:      minmay_bloctagon, nicolae_overflow_crystal_walls
Temple:   corrupted_temple

Skill      XL: |  1  2  3  4  5  6  7  8  9 10 |
---------------+-------------------------------+-----
Poison Magic   | 4 5 6 |  6.0
Conjurations   | 2 3 4 5 6 7 |  7.0
Spellcasting   | 3 4 5 6 |  6.7
Fighting       | 1 3 5 |  5.3
Short Blades   | 2 3 5 |  5.6
Evocations     | 1 3 5 |  5.0
Dodging        | |  2.0
Stealth        | |  2.8

Action                   |  1- 3 |  4- 6 |  7- 9 | 10-12 || total
-------------------------+-------+-------+-------+-------++-------
Melee: Unarmed           |     5 |       |       |       ||     5
       Constrict         |     9 |     8 |    32 |     1 ||    50
       Tentacles         |     3 |     3 |    26 |     1 ||    33
       Dagger            |    28 |    31 |   217 |     2 ||   278
Throw: Stone             |       |       |     6 |       ||     6
 Cast: Sting             |    49 |    30 |    26 |     1 ||   106
       Poisonous Vapours |    18 |    20 |    78 |    13 ||   129
       Venom Bolt        |       |       |    13 |       ||    13
  Use: Scroll            |     1 |     6 |    13 |       ||    20
       Potion            |       |       |     5 |       ||     5
 Stab: Sleeping          |     3 |       |     5 |       ||     8
       Distracted        |       |       |     1 |       ||     1
  Eat: Chunk             |     7 |     6 |     8 |     2 ||    23
       Fruit             |       |     1 |       |       ||     1
       Bread ration      |       |       |     2 |       ||     2
       Meat ration       |       |       |     1 |       ||     1
Armor: Skin              |    12 |    10 |    71 |     2 ||    95
Dodge: Dodged            |    17 |    26 |   169 |     4 ||   216
